 Dungeon Crawl Stone Soup version 0.18-a0 (webtiles) character file.

15 Gaunah the Caller (level 2, -9/13 HPs)
             Began as a Vine Stalker Summoner on Oct 29, 2015.
             Mangled by Sigmund
             ... wielding a +0 scythe
              (13 damage)
             ... on level 2 of the Dungeon.
             The game lasted 00:04:19 (1175 turns).

Gaunah the Caller (Vine Stalker Summoner)           Turns: 1175, Time: 00:04:19

Health: -9/13      AC:  4    Str: 10    XL:     2   Next: 50%
Magic:  0/6        EV: 12    Int: 15    God:
Gold:   69         SH:  0    Dex: 14    Spells: 2 memorised, 2 levels left

rFire  . . .     SeeInvis .     k - +0 short sword
rCold  . . .     Clarity  .     a - +0 robe
rNeg   . . .     SustAt   .     (no shield)
rPois  .         Gourm    .     (no helmet)
rElec  .         Spirit   +     m - +0 cloak
rCorr  .         Warding  .     n - +0 pair of gloves
rMut   .         Stasis   .     (no boots)
MR     .....                    (no amulet)
Stlth  +.........               (no ring)
                                (no ring)

@: confused, not resistant to hostile enchantments, very unstealthy
A: fangs 2, regeneration 1, magic shield, antimagic bite, no device heal 3, rot
immunity
a: no special abilities


You were on level 2 of the Dungeon.
You were hungry.

You visited 1 branch of the dungeon, and saw 2 of its levels.

You collected 69 gold pieces.

Inventory:

Hand Weapons
 k - a +0 short sword (weapon)
Armour
 a - a +0 robe (worn)
 m - a +0 cloak (worn)
 n - a +0 pair of gloves (worn)
Jewellery
 f - an uncursed amulet of clarity {unknown}
Scrolls
 d - a scroll of fog {unknown}
 e - a scroll of teleportation {unknown}
 g - 4 scrolls of identify {unknown}
Potions
 h - a potion of heal wounds {unknown}
 j - 2 potions of curing {unknown}
 l - a potion of mutation {unknown}
Books
 b - a book of Callings

   Spells                             Type                      Level
   a - Summon Small Mammal            Summoning                    1
   b - Call Imp                       Summoning                    2
   c - Call Canine Familiar           Summoning                    3
   d - Summon Guardian Golem          Hexes/Summoning              3
   e - Summon Lightning Spire         Summoning/Air                4
   f - Summon Ice Beast               Ice/Summoning                4
Comestibles
 c - 2 bread rations
 i - a beef jerky


   Skills:
 - Level 1.5 Dodging
 + Level 2.7 Stealth
 * Level 2.3 Spellcasting
 * Level 4.4 Summonings


You had 2 spell levels left.
You knew the following spells:

 Your Spells              Type           Power        Failure   Level  Hunger
a - Summon Small Mammal   Summ           ###.         3%          1    #......
b - Call Imp              Summ           ###.....     6%          2    ###....


Dungeon Overview and Level Annotations

Branches:
Dungeon (2/15)

Altars:
Yredelemnul

Annotations:
D:2 Sigmund


Innate Abilities, Weirdness & Mutations

You have extremely sharp teeth.
Your natural rate of healing is unusually fast.
When hurt, damage is shared between your health and your magic reserves.
Your bite disrupts and absorbs the magic of your enemies.
Potions and wands cannot restore your health.
You are immune to rotting.


Message History

Sigmund gestures wildly while chanting.
Sigmund flickers and vanishes!
Deactivating autopickup; reactivate with Ctrl-A.
A puff of flame appears from out of thin air!
The puff of flame misses you.
You open the door.
There is an open door here.
You are confused.
A magic dart appears from out of thin air!
The magic dart hits you!
You bump into the rock wall.
You hear some strange, mumbled words.
You are more confused.
You're too confused to move!
A magic dart appears from out of thin air!
The magic dart hits you!
Ouch! That really hurt!
Something hits you!
Ouch! That really hurt!
You die...

..# #.........#.....#####..
..# #.........5........#
..#########.#.#'####.........#
..............#.# #.........#
...# ######.#...####.........#
+#.########.#.....<#.........#
.#..........#...####.........#
.#.#......###...####.........#
...#.####.# #...@.........####
.....####.# #...####......#
.#.....##.# #...# .
##†#.#.##.# #...# #.#..†##.#
#...# #.#.#....###...#
#.#.#....##...>#
###.###..###.#.# #...#
#..##....#


There were no monsters in sight!

Vanquished Creatures
  A bat (D:2)
  3 goblins
  A hobgoblin (D:1)
  A jackal (D:1)
  A quokka (D:2)
  A giant gecko (D:1)
  A giant newt (D:2)
  A kobold (D:1)
  3 rats
13 creatures vanquished.

Vanquished Creatures (collateral kills)
  2 jackals (D:1)
2 creatures vanquished.

Grand Total: 15 creatures vanquished

Notes
Turn   | Place    | Note
--------------------------------------------------------------
     0 | D:1      | Gaunah the Vine Stalker Summoner began the quest for the Orb.
     0 | D:1      | Reached XP level 1. HP: 9/9 MP: 4/4
   367 | D:1      | Reached XP level 2. HP: 13/13 MP: 6/6
   987 | D:2      | Found a faded altar to an unknown god.
  1002 | D:2      | Learned a level 2 spell: Call Imp
  1013 | D:2      | Found a basalt altar of Yredelemnul.
  1112 | D:2      | Noticed Sigmund
  1175 | D:2      | Mangled by Sigmund

Vault maps used:
D:1:      lemuel_arrival_room, nrook_uturn, kennysheep_minor_cross
D:2:      lemuel_round_altar, lemuel_crystal_altar, ecumenical_altar_2,
          uniq_sigmund

Action                   || total
-------------------------++-------
Melee: Unarmed           ||    50
       Short sword       ||    16
 Cast: Summon Small Mamm ||     3
       Call Imp          ||     1
 Stab: Sleeping          ||     2
